 Dungeon Sprint DCSS version bcrawl-1.17.3 (webtiles) character file.

Game seed: 6783177022577565031

3875 esc the Covert (level 10, 0/90 HPs)
             Began as a Demigod Enchanter on Oct 25, 2019.
             Slain by an unseen horror (8 damage)
             ... in the Dungeon (Sprint I: "Red Sonja").
             The game lasted 00:09:38 (1801 turns).

esc the Covert (Demigod Enchanter)                  Turns: 1801, Time: 00:09:38

Health: 0/90       AC:  6    Str: 12    XL:     10   Next: 0%
Magic:  5/26       EV: 17    Int: 25    God:    Demigod [****..]
Gold:   937        SH:  0    Dex: 17    Spells: 8/25 levels left

rFire    . . .     SeeInvis .   j - +1 dagger (chaos)
rCold    . . .     Gourm    .   (no shield)
rNeg     . . .     Faith    +   s - +0 troll leather armour
rPois    .         Spirit   .   (no helmet)
rElec    .         Reflect  .   v - +0 cloak
rCorr    .         Harm     .   (no gloves)
MR       +....     NoTele   +   u - +0 pair of boots
Stlth    ++++......             t - amulet of faith
HPRegen  0.65/turn              (no ring)
MPRegen  0.20/turn              (no ring)

@: no status effects
A: high mp 1
a: Temporal Distortion, Growth, Major Destruction, Heroism


You were in the Dungeon.
You worshipped Demigod.
Demigod was greatly pleased with you.
You were not hungry.

You visited 1 branch You collected 1045 gold pieces.
You spent 108 gold pieces at shops.

Inventory:

Hand Weapons
 j - a +1 dagger of chaos (weapon)
 l - a +0 hunting sling
 o - a +0 blowgun
Missiles
 m - 129 sling bullets
 p - 18 curare-tipped needles
Armour
 s - a +0 troll leather armour (worn)
 u - a +0 pair of boots (worn)
 v - a +0 cloak (worn)
Jewellery
 t - an amulet of faith (around neck)
Wands
 c - a wand of polymorph (7)
Scrolls
 a - a scroll of immolation {unknown}
 d - 2 scrolls of fog
 f - a scroll of enchant weapon {unknown}
 g - a scroll of remove curse {unknown}
 k - a scroll of blinking
Potions
 e - 3 potions of curing
 h - a potion of haste
 i - 2 potions of magic
 n - a potion of cancellation {unknown}
Comestibles
 q - 2 rations {!d}


   Skills:
 + Level 8.7 Fighting
 + Level 8.1 Short Blades
 + Level 8.1 Dodging
 + Level 9.3 Stealth
 + Level 8.0 Spellcasting
 + Level 5.6 Conjurations
 + Level 9.0 Hexes
 + Level 7.1 Invocations


You had 8 spell levels left.
You knew the following spells:

 Your Spells              Type           Power        Failure   Level  Hunger
a - Corona                Hex            ######.      1%          1    None
b - Ensorcelled Hibernat  Hex/Ice        ####..       1%          2    None
c - Confuse               Hex            ######..     1%          3    None
d - Tukima's Dance        Hex            ######..     1%          3    None
e - Mephitic Cloud        Conj/Pois/Air  ###.....     11%         3    None
f - Blink                 Tloc           N/A          12%         2    None
g - Dazzling Spray        Conj/Hex       #####.       1%          3    None

Your spell library contained the following spells:

 Spells                   Type           Power        Failure   Level  Hunger
 Magic Dart               Conj           ####         1%          1    None
 Slow                     Hex            ######..     1%          1    None
 Conjure Flame            Conj/Fire      ###.....     7%          3    None
 Call Imp                 Summ           ##......     12%         2    None


Dungeon Overview and Level Annotations

Branches:
Dungeon (1/1)

Shops:
D ([


Innate Abilities, Weirdness & Mutations

You have an increased reservoir of magic. (+10% MP)


Message History

Press: ? - help, Shift-Dir - straight line Something hits you!
Something hits you. x3
Casting: Dazzling Spray (safe; 1% risk of failure)
Confirm with . or Enter, or press ? or * to list all spells.
Aiming: Dazzling Spray (safe; 1% risk of failure)
Press: ? - help, Shift-Dir - straight line The spray of energy hits something.
Something hits you but does no damage. Something hits you. Something hits you!
* * * LOW HITPOINT WARNING * * *
Casting: Dazzling Spray (safe; 1% risk of failure)
Confirm with . or Enter, or press ? or * to list all spells.
Aiming: Dazzling Spray (safe; 1% risk of failure)
Press: ? - help, Shift-Dir - straight line Something hits you!
* * * LOW HITPOINT WARNING * * *
Something hits you!
* * * LOW HITPOINT WARNING * * *
Something hits you!
You die...
Your divinity fades.

.)#_____##'#_.+≈§≈)§†.§#
⌠⌠#_.∩...'..._#≈≈§)§#..#
###_..__##_.#'##§#####'###
#_____###'#.#.§[(###.'.#
#########.####'###.###.#
+...'..[..'.∩##.#
#...###########§#
###.###......§##§#
#.#+#.#.@.....§§§#
#PP...#+++######§# #.(P..#
#§# ####### +§# ###


There were no monsters in sight!

Vanquished Creatures
  2 centaur warriors (D)
  Sonja (D)
  A deep troll (D)
  An oklob plant (D)
  A hornet (D)
  A slime creature (D)
  2 redbacks (D)
  Sigmund (D)
  A yak (D)
  A sky beast (D)
  A jelly (D)
  Ijyb (D)
  A ballistomycete spore (D)
15 creatures vanquished.

Vanquished Creatures (others)
  3 ballistomycete spores (D)
3 creatures vanquished.

Grand Total: 18 creatures vanquished

Notes
Turn   | Place    | Note
-------+----------+-------------------------------------------
     0 | D        | esc the Demigod Enchanter began the quest for the Orb.
     0 | D        | Reached XP level 1. HP: 14/14 MP: 5/5
     1 | D        | Noticed Ijyb
    11 | D        | HP: 1/21 [Ijyb/+1 dagger of chaos (14)]
    14 | D        | Killed Ijyb
    14 | D        | Reached XP level 2. HP: 3/25 MP: 5/8
   269 | D        | Learned a level 2 spell: Ensorcelled Hibernation
   293 | D        | Noticed an ogre
   305 | D        | Noticed an ice beast
   305 | D        | an ogre changed into an ice beast
   307 | D        | Noticed a wyvern
   307 | D        | an ice beast changed into a wyvern
   308 | D        | Noticed a sky beast
   308 | D        | a wyvern changed into a sky beast
   319 | D        | Killed a sky beast
   319 | D        | Reached XP level 3. HP: 8/33 MP: 0/11
   319 | D        | Reached XP level 4. HP: 10/40 MP: 0/13
   539 | D        | Learned a level 3 spell: Confuse
   543 | D        | Learned a level 3 spell: Tukima's Dance
   559 | D        | Noticed Sigmund
   565 | D        | Killed Sigmund
   565 | D        | Reached skill level 5 in Fighting
   565 | D        | Reached skill level 5 in Stealth
   565 | D        | Reached skill level 5 in Hexes
   565 | D        | Reached XP level 5. HP: 41/48 MP: 9/15
   613 | D        | Found an ornate altar of the Wu Jian Council.
   613 | D        | Found a shimmering blue altar of Sif Muna.
   615 | D        | Found a radiant altar of Vehumet.
   623 | D        | Reached * piety under Demigod
   623 | D        | Reached skill level 5 in Spellcasting
   623 | D        | Reached XP level 6. HP: 43/56 MP: 9/16
   636 | D        | Learned a level 3 spell: Mephitic Cloud
   639 | D        | Learned a level 2 spell: Blink
   694 | D        | Found Sewaus's Antique Weapon Emporium.
   694 | D        | Found an ancient bone altar of Kikubaaqudgha.
   694 | D        | Found a hazy altar of Hepliaklqana.
   694 | D        | Found a stormy altar of Qazlal.
   694 | D        | Found a hide-covered altar of Uskayaw.
   694 | D        | Found a blossoming altar of Fedhas.
   694 | D        | Found a bloodstained altar of Trog.
   694 | D        | Found an iron altar of Okawaru.
   694 | D        | Found a basalt altar of Yredelemnul.
   694 | D        | Found a glowing golden altar of the Shining One.
   694 | D        | Found a snail-covered altar of Cheibriados.
   694 | D        | Found a sacrificial altar of Ru.
   694 | D        | Found a glowing silver altar of Zin.
   694 | D        | Found a shadowy altar of Dithmenos.
   694 | D        | Found a white marble altar of Elyvilon.
   694 | D        | Noticed a yak
   695 | D        | Found an opulent altar of Gozag.
   698 | D        | Killed a yak
   698 | D        | Reached skill level 5 in Dodging
   699 | D        | Found a sparkling altar of Nemelex Xobeh.
   724 | D        | Found a burning altar of Makhleb.
   724 | D        | Found a viscous altar of Jiyva.
   724 | D        | Found a shimmering altar of Xom.
   724 | D        | Found a corrupted altar of Lugonu.
   724 | D        | Noticed a slime creature
   978 | D        | Killed a slime creature
   978 | D        | Reached skill level 5 in Short Blades
   978 | D        | Reached XP level 7. HP: 63/63 MP: 7/19
  1018 | D        | Learned a level 3 spell: Dazzling Spray
  1082 | D        | Noticed Sonja
  1086 | D        | Killed Sonja
  1086 | D        | Reached ** piety under Demigod
  1086 | D        | Reached XP level 8. HP: 66/73 MP: 15/21
  1258 | D        | Noticed a deep troll
  1269 | D        | Killed a deep troll
  1453 | D        | Found Righedidgh's Armour Emporium.
  1461 | D        | Bought a +0 pair of boots for 54 gold pieces
  1461 | D        | Bought a +0 cloak for 54 gold pieces
  1496 | D        | Noticed a centaur warrior
  1496 | D        | Noticed a centaur warrior
  1503 | D        | Killed a centaur warrior
  1503 | D        | Reached skill level 5 in Invocations
  1503 | D        | Reached XP level 9. HP: 64/81 MP: 12/24
  1511 | D        | Killed a centaur warrior
  1511 | D        | Reached *** piety under Demigod
  1511 | D        | Reached skill level 5 in Conjurations
  1744 | D        | Noticed an oklob plant
  1746 | D        | Killed an oklob plant
  1762 | D        | Reached **** piety under Demigod
  1762 | D        | Reached XP level 10. HP: 82/90 MP: 23/26
  1801 | D        | Slain by an unseen horror

Skill      XL: |  1  2  3  4  5  6  7  8  9 |
---------------+----------------------------+-----
Fighting       | 2 3 5 6 7 8 |  8.7
Spellcasting   | 3 4 5 6 7 8 |  8.0
Hexes          | 4 5 6 7 8 9 |  9.0
Short Blades   | 2 4 5 6 7 8 |  8.1
Dodging        | 3 4 5 6 7 8 |  8.1
Stealth        | 4 5 6 7 8 9 |  9.3
Conjurations   | 2 4 5 |  5.6
Invocations    | 5 7 |  7.1

Action                   |  1- 3 |  4- 6 |  7- 9 | 10-12 || total
-------------------------+-------+-------+-------+-------++-------
Melee: Dagger            |    11 |    12 |    12 |     4 ||    39
 Cast: Ensorcelled Hiber |     4 |    10 |    17 |     1 ||    32
       Confuse           |       |     2 |       |       ||     2
       Mephitic Cloud    |       |       |     2 |       ||     2
       Dazzling Spray    |       |       |     1 |     7 ||     8
       Blink             |       |       |     1 |       ||     1
Evoke: Wand              |     4 |       |       |       ||     4
  Use: Potion            |     1 |       |     2 |       ||     3
 Stab: Sleeping          |     2 |     7 |     8 |       ||    17
       Confused          |       |     1 |       |       ||     1
  Eat: Ration            |       |       |     1 |       ||     1
Armor: Robe              |     1 |     1 |     1 |       ||     3
       Troll leather arm |       |       |     6 |     6 ||    12
Dodge: Dodged            |     7 |     7 |    12 |     5 ||    31
